 Dungeon Crawl Stone Soup version 0.32-a0-898-g7811c86cf0 (webtiles) character file.

Game seed: 6412599078138639421

32 kae the Slasher (level 3, -4/27 HPs)
             Began as a Coglin Gladiator on Apr 4, 2024.
             Slain by a gnoll
             ... wielding a +0 halberd
              (12 damage)
             ... on level 2 of the Dungeon.
             The game lasted 00:00:34 (731 turns).

kae the Slasher (Coglin Gladiator)                   Turns: 731, Time: 00:00:35

Health: -4/27      AC:  4    Str: 14    XL:     3   Next: 25%
Magic:  3/3        EV: 11    Int:  7    God:
Gold:   91         SH:  0    Dex: 17    Spells: 2/2 levels left

rFire   . . .        a - +0 long sword {Kaede}
rCold   . . .        f - +0 dagger {Shiptu}
rNeg    . . .        b - +0 leather armour
rPois   .            c - +0 helmet
rElec   .            (no cloak)
rCorr   .            (no gloves)
SInv    .            (no boots)
Will    .....        (amulet unavailable)
Stlth   +            (ring unavailable)
HPRegen 0.24/turn    (ring unavailable)
MPRegen 0.08/turn    (no gizmo)

%: no passive effects
@: attractive, revved
A: off-hand wielding, slow wielding, warmup strikes, no jewellery
a: Invent Gizmo


You were on level 2 of the Dungeon.
You visited 1 branch of the dungeon, and saw 2 of its levels.

You collected 91 gold pieces.


Innate Abilities, Weirdness & Mutations

You can wield a second weapon in your off-hand.
It takes a long time for you to wield or remove held weapons.
Your first few attacks do less damage.
You cannot equip rings or amulets.


   Skills:
 - Level 2.0 Fighting
 + Level 4.3 Long Blades
 - Level 1.7 Throwing
 - Level 2.6 Dodging


You had 2 spell levels left.
You didn't know any spells.
Your spell library was empty.

Inventory:

Hand Weapons
 a - a +0 long sword (weapon) {Kaede}
 f - a +0 dagger (offhand) {Shiptu}
Missiles
 d - 3 throwing nets (quivered) {=f!f}
 e - a javelin
 h - 7 stones
Armour
 b - a +0 leather armour (worn)
 c - a +0 helmet (worn)
Potions
 m - 2 potions of invisibility
 n - 2 potions of magic

Dungeon Overview and Level Annotations

Branches:
Dungeon (2/15) Zot: 11263

Altars:

### ..# #
###.##.#
#..ยง)..#
###.#.#g#
#.....g@#
#.###.#.# #.#.#
#.#.# #.#.#
#.###.#.#
#.......##
..#####....####
..............+


You could see 2 gnolls.


Message History

Done exploring.
No target in view!
No target in view!
Done exploring.
No target in view!
No target in view!
Done exploring.
No target in view!
No target in view!
Done exploring.
Okay, then.
As you read the scroll labelled KOLUACWEIT, it crumbles to dust.
It is a scroll of amnesia.
You feel forgetful for a moment.
As you read the scroll labelled OBLAYKLA WAUTI, it crumbles to dust.
You feel strangely unstable.
It was a scroll of teleportation.
As you read the scroll labelled QOFATE TOOG, it crumbles to dust.
You hear a loud clanging noise!
It was a scroll of noise.
Unknown command.
As you read the scroll labelled ZURAIG OWNAES WUAK, it crumbles to dust.
It is a scroll of identify.
n - 2 potions of magic
As you read the scroll of identify {@r1}, it crumbles to dust.
m - 2 potions of invisibility Unknown command.
Your surroundings suddenly seem different.
Your library has no spells.
Unknown command.
There is a stone staircase leading down here.
You climb downwards.
There is a stone staircase leading up here.
A goblin is nearby!
The goblin shouts!
The goblin hits you but does no damage.
You climb upwards.
There is a stone staircase leading down here.
There is a stone staircase leading down here.
You climb downwards.
There is a stone staircase leading up here.
You climb upwards.
There is a stone staircase leading down here.
You see here a +0 dagger.
There is an escape hatch in the floor here.
You slide downwards.
The hatch slams shut behind you.
A giant cockroach is nearby!
You hit the giant cockroach with your +0 dagger.
You slash the giant cockroach with your +0 long sword!
You kill the giant cockroach!
You now have 91 gold pieces (gained 11).
h - 7 stones (gained 2)
A gnoll comes into view. It is wielding a +0 whip.
The gnoll shouts!
You hear a shout! x3
A gnoll comes into view. It is wielding a +0 halberd.
You hit the gnoll with your +0 long sword.
You hit the gnoll but do no damage. The gnoll barely misses you.
You hit the gnoll with your +0 long sword.
You hit the gnoll but do no damage. The gnoll misses you.
The gnoll barely misses you.
There are monsters nearby!
You closely miss the gnoll with your +0 dagger.
You slash the gnoll with your +0 long sword!
You kill the gnoll!
The gnoll hits you from afar with a +0 halberd!
Ouch! That really hurt!
* * * LOW HITPOINT WARNING * * *
You have reached level 3!
Your experience leads to an increase in your attributes!
Increase (S)trength, (I)ntelligence, or (D)exterity?
You feel agile. x2
Your brain swirls with designs for a N-00 supersamoflange.
You just need some more time... ๐Ÿ˜จ HP[-9] MP[+1]
You now have 27 max hp (+5).
You take 9 damage, and now have 13/27 hp.
MASSIVE DAMAGE!! (PAUSE)
Your mp is fully restored (3).
Okay, then. ๐Ÿ˜ฎ HP[+1] It was a potion of attraction.
You feel attractive to monsters. The gnoll closely misses you.
The gnoll is attracted toward you.
You hit the gnoll with your +0 long sword.
You hit the gnoll but do no damage. The gnoll barely misses you.
A gnoll comes into view. It is wielding a +0 club.
You closely miss the gnoll with your +0 dagger.
You slash the gnoll with your +0 long sword!
The gnoll is attracted toward you.
You hit the gnoll with your +0 dagger.
You slash the gnoll with your +0 long sword!
The gnoll hits you with a +0 halberd!
* * * LOW HITPOINT WARNING * * *
The gnoll hits you but does no damage. ๐Ÿ˜จ HP[-6]
You take 6 damage, and now have 8/27 hp.
MASSIVE DAMAGE!! (PAUSE)
You closely miss the gnoll with your +0 long sword.
You hit the gnoll with your +0 dagger. The gnoll barely misses you.
The gnoll hits you with a +0 halberd!
You die...

Skill      XL: |  1  2 |
---------------+-------+-----
Long Blades    | 4 |  4.3
Fighting       | |  2.0
Throwing       | |  1.7
Dodging        | |  2.6

Action                     || total
---------------------------++-------
  Melee: Dagger            ||    55
         Long sword        ||    57
    Use: Scroll            ||     5
         Potion            ||     1
 Armour: Leather armour    ||    40
  Dodge: Dodged            ||    42

Levels and vault maps discovered:
D:1:      saegor_arrival_miasma, layout_loops_cross
D:2:      layout_loops_corners

Notes
Turn   | Place    | Note
-------+----------+-------------------------------------------
     0 | D:1      | kae the Coglin Gladiator began the quest for the Orb.
     0 | D:1      | Reached XP level 1. HP: 16/16 MP: 1/1
     0 | D:1      | magus.rc [v1.11.3]
   119 | D:1      | Reached XP level 2. HP: 13/22 MP: 2/2
   578 | D:1      | Reached skill level 4 in Long Blades
   726 | D:2      | Reached XP level 3. HP: 13/27 MP: 3/3
   731 | D:2      | Slain by a gnoll

Vanquished Creatures
  A gnoll (D:2)
  A dart slug (D:1)
  An endoplasm (D:1)
  A giant cockroach (D:2)
  3 hobgoblins (D:1)
  A kobold (D:1)
  4 bats (D:1)
  A frilled lizard (D:1)
  3 goblins (D:1)
  4 rats (D:1)
20 creatures vanquished.

Table legend:
 A = Non-vault XP
 B = Vault XP
 C = Vault XP percentage of total XP
 D = Non-vault monster count
 E = Vault monster count
 F = Vault count percentage of total count
                 A         B        C        D         E       F
            +---------+---------+-------+---------+---------+-------
      Total |      46 |       0 |   0.0 |      20 |       0 |   0.0
            +---------+---------+-------+---------+---------+-------
        D:1 |      29 |       0 |   0.0 |      18 |       0 |   0.0
        D:2 |      17 |       0 |   0.0 |       2 |       0 |   0.0
            +---------+---------+-------+---------+---------+-------

Skill      XL: |  1  2 |
---------------+-------+-----
Long Blades    | 4 |  4.3
Fighting       | |  2.0
Throwing       | |  1.7
Dodging        | |  2.6

Action                     || total
---------------------------++-------
  Melee: Dagger            ||    55
         Long sword        ||    57
    Use: Scroll            ||     5
         Potion            ||     1
 Armour: Leather armour    ||    40
  Dodge: Dodged            ||    42

Illustrated notes

Table legend:
 A = Kills in this place as a percentage of kills in the entire game.
 B = Kills by you in this place as a percentage of kills by you in the entire game.
 C = Kills by friends in this place as a percentage of kills by friends in the entire game.
 D = Other kills in this place as a percentage of other kills in the entire game.
 E = Experience gained in this place as a percentage of experience gained in the entire game.
 F = Experience gained in this place divided by the number of levels of this place that you have seen.
                   A       B       C       D       E      F
               +-------+-------+-------+-------+-------+----------------------
         Total | 100.0 | 100.0 |   N/A |   N/A | 100.0 |  23.0
       Dungeon | 100.0 | 100.0 |   N/A |   N/A | 100.0 |  23.0
               +-------+-------+-------+-------+-------+----------------------

Table legend: (Time is in decaauts)
 A = Elapsed time spent in this place.
 B = Non-inter-level travel time spent in this place.
 C = Inter-level travel time spent in this place.
 D = Time resting spent in this place.
 E = Time spent auto-exploring this place.
 F = Levels seen in this place.
 G = Mean time per level.
                   A        B        C        D        E       F      G
               +--------+--------+--------+--------+--------+-----+--------+
         Total |    735 |    708 |     27 |      0 |    567 |   2 |  367.5 |
       Dungeon |    735 |    708 |     27 |      0 |    567 |   2 |  367.5 |
               +--------+--------+--------+--------+--------+-----+--------+

Top non-repeatable levels by time:
     D:1: 701 daAuts
     D:2: 33 daAuts
